Map: 瑟拉斯废墟

Players

DeathDealer - Winner!

  • Race: Zerg Zerg
  • League: Gold

shengy

  • Race: Zerg Zerg
  • League: Platinum

VOD

Have the link to the VOD?

Description

Time

  • Played on: Dec. 24, 2015, 5:17 p.m.
  • Length: 11:58
Show
View Real Time Build Order
Export as new Build Order

DeathDealer Zerg - Winner!

Build Orders: Pool First 

Get SALT Encoding   

  12  0:01  Drone  
  13  0:09  Drone  
  14  0:14  Extractor  
  14  0:15  Drone  
  14  0:34  Spawning Pool  
  13  0:38  Drone  
  14  0:46  Overlord  
  14  1:05  Drone  
  15  1:20  Zergling x2  
  15  1:21  Zergling x4  
  15  1:22  Queen  
  20  1:35  Zergling x2  
  21  1:42  Metabolic Boost  
  21  1:45  Zergling x2  
  22  1:54  Overlord  
  22  2:12  Zergling x2  
  23  2:17  Zergling x2  
  24  2:28  Zergling x2  
  25  2:32  Zergling x6  
  28  2:41  Overlord  
  28  2:49  Zergling x2  
  29  3:10  Zergling x8  
  33  3:22  Baneling Nest, Drone  
  33  3:37  Hatchery  
  32  3:43  Drone x4  
  32  3:47  Roach Warren  
  25  4:29  Roach x5  
  35  4:44  Roach  
  37  4:54  Overlord  
  37  5:00  Overlord  
  37  5:15  Extractor, Drone x3  
  37  5:18  Queen  
  41  5:28  Roach x3  
  47  5:30  Roach x2  
  51  5:35  Overlord  
  51  5:54  Roach x3  
  57  5:58  Overlord  
  59  6:11  Roach  
  59  6:21  Roach x3  
  65  6:31  Lair  
  65  6:45  Drone x2  
  65  6:46  Overlord  
  67  6:55  Baneling  
  67  6:56  Baneling x2  
  63  7:14  Roach x3  
  63  7:18  Roach  
  63  7:35  Zergling x2  
  63  7:36  Zergling x8  
  68  7:41  Overlord  
  60  7:54  Zergling x2  
  39  8:09  Drone x3  
  42  8:13  Spine Crawler  
  42  8:15  Spine Crawler  
  40  8:21  Roach x2  
  44  8:30  Glial Reconstitution  
  44  8:41  Spore Crawler  
  43  8:42  Drone x2  
  45  8:51  Spore Crawler  
  46  9:10  Roach x4  
  52  9:18  Drone x2  
  52  9:23  Drone x2  
  56  9:43  Roach  
  56  9:44  Roach x3  
  64  9:56  Roach x2  
  67  10:02  Roach x2  
  71  10:13  Overlord  
  71  10:18  Roach x2  
  71  10:19  Roach  
  77  10:27  Overseer  
  77  10:35  Drone x4  
  81  10:43  Roach x2  
  81  10:48  Evolution Chamber  
  80  11:15  Roach x4  
  80  11:16  Roach x2  
  80  11:18  Overlord  
  91  11:26  Overlord  
Show
View Real Time Build Order
Export as new Build Order

shengy Zerg 

Build Orders: Pool First, Zergling Baneling 

Get SALT Encoding   

  12  0:01  Drone  
  13  0:09  Drone  
  14  0:17  Overlord  
  14  0:35  Drone  
  14  0:36  Drone x2  
  14  0:41  Extractor  
  16  0:46  Drone  
  17  0:52  Spawning Pool  
  16  1:05  Drone  
  17  1:30  Hatchery  
  16  1:39  Queen  
  18  1:43  Metabolic Boost  
  18  1:49  Drone  
  19  1:56  Overlord  
  19  2:04  Zergling x2  
  19  2:05  Zergling x2  
  21  2:16  Spine Crawler  
  20  2:23  Zergling x2  
  20  2:24  Zergling x2  
  22  2:34  Baneling Nest  
  22  2:36  Zergling x2  
  23  2:58  Drone x2  
  25  3:07  Zergling x2  
  25  3:08  Zergling x4  
  28  3:18  Baneling  
  28  3:19  Baneling x3  
  28  3:24  Baneling  
  28  3:28  Zergling x4  
  28  3:29  Overlord  
  30  3:41  Overlord  
  30  3:57  Drone x2  
  32  4:04  Hatchery  
  31  4:25  Hatchery  
  31  4:26  Zergling x8  
  31  4:27  Zergling x2  
  35  4:33  Lair  
  35  4:34  Drone  
  36  4:50  Baneling x3  
  36  4:52  Drone x2  
  38  4:55  Roach Warren  
  38  4:56  Extractor  
  36  5:05  Drone x3  
  39  5:11  Drone  
  40  5:19  Overlord  
  39  5:31  Overlord  
  39  5:35  Glial Reconstitution  
  39  5:37  Roach x3  
  45  5:43  Roach  
  45  5:46  Overseer  
  47  5:54  Queen  
  49  6:23  Drone x2  
  49  6:24  Nydus Network  
  49  6:25  Roach x2  
  54  6:40  Baneling x3  
  54  6:46  Overlord  
  54  6:48  Roach x2  
  54  6:49  Zergling x6  
  54  6:53  Roach  
  50  7:17  Roach x5  
  50  7:18  Zergling x2  
  50  7:20  Zergling x2  
  60  7:35  Roach  
  60  7:36  Roach x2  
  62  7:44  Zergling x6  
  54  8:08  Hatchery  
  53  8:21  Zergling x6  
  53  8:22  Zergling x4  
  53  8:23  Baneling x3  
  53  8:24  Baneling  
  53  8:26  Baneling  
  58  8:44  Nydus Canal  
  58  8:48  Roach x2  
  62  8:57  Roach  
  64  9:09  Drone x3  
  62  9:21  Drone x3  
  65  9:29  Drone  
  65  9:30  Drone  
  67  9:37  Drone  
  68  9:42  Zergling x2  
  68  9:43  Extractor  
  68  9:47  Extractor  
  65  10:08  Hydralisk Den, Drone x6  
  70  10:16  Drone  
  70  10:17  Queen  
  73  10:32  Zergling x2  
  74  10:38  Drone  
  74  10:39  Overlord x3  
  74  10:41  Baneling x2  
  75  10:56  Overlord  
  75  11:01  Hatchery  
  71  11:16  Spine Crawler  
  71  11:17  Spine Crawler x2  
  68  11:21  Zergling x6  
Tags
 
Add a new tag
Caveats
  • Supply blocks, unpowered buildings, or Contaminate may cause inaccurate times.
  • Supply counts are checked every 10 seconds.